 Dungeon Crawl Stone Soup version 0.26.1-11-gd32895ea62 (webtiles) character file.

Game seed: 4483341729973348324

164 rabbitsville the Cutter (level 5, -3/41 HPs)
             Began as a Demonspawn Fighter on June 11, 2021.
             Slain by an iguana (6 damage)
             ... on level 4 of the Dungeon.
             The game lasted 00:17:58 (2243 turns).

rabbitsville the Cutter (Demonspawn Fighter)        Turns: 2243, Time: 00:17:59

Health: -3/41      AC:  7    Str: 17    XL:     5   Next: 21%
Magic:  5/5        EV:  6    Int: 10    God:
Gold:   110        SH:  8    Dex: 12    Spells: 4/4 levels left

rFire    . . .     SeeInvis .   a - +0 rapier
rCold    . . .     Faith    .   c - +0 kite shield
rNeg     . . .     Spirit   .   b - +0 scale mail
rPois    .         Reflect  .   (no helmet)
rElec    .         Harm     .   (no cloak)
rCorr    .         Rampage  .   h - +0 pair of gloves
Will     .....                  (no boots)
Stlth    ..........             (no amulet)
HPRegen  0.13/turn              (no ring)
MPRegen  0.09/turn              (no ring)

@: no status effects
A: powered by death 2
a: no special abilities


You were on level 4 of the Dungeon.
You visited 1 branch of the dungeon, and saw 4 of its levels.

You collected 110 gold pieces.

Inventory:

Hand Weapons
 a - a +0 rapier (weapon)
 p - a +4 hand axe
 u - a +2 dagger of protection
Missiles
 f - 69 stones
 j - 21 poisoned darts (quivered)
 s - 8 atropa-tipped darts
Armour
 b - a +0 scale mail (worn)
 c - a +0 kite shield (worn)
 h - a +0 pair of gloves (worn)
Jewellery
 t - an uncursed ring of fire
Scrolls
 m - a scroll of magic mapping {unknown}
 n - a scroll of identify {unknown}
 q - a scroll of teleportation {unknown}
Potions
 d - a potion of ambrosia {unknown}
 e - a potion of curing
 g - a potion of haste {unknown}
 i - 2 potions of degeneration {unknown}
 k - a potion of resistance {unknown}
 l - a potion of mutation {unknown}
 o - a potion of flight {unknown}
 r - a potion of might


   Skills:
 - Level 3.0 Fighting
 + Level 5.0 Short Blades
 - Level 2.6 Armour
 - Level 2.6 Shields


You had 4 spell levels left.
You didn't know any spells.
Your spell library was empty.

Dungeon Overview and Level Annotations

Branches:
Dungeon (4/15)
 Temple: D:4-7

Altars:
Hepliaklqana

Annotations:
D:2 Sigmund


Innate Abilities, Weirdness & Mutations

You regenerate health from kills.


Message History

You block the iguana's attack.
You climb downwards.
Found 16 gold pieces.
There is a stone staircase leading up here.
You hit the iguana but do no damage. You block the iguana's attack.
You hit the iguana but do no damage. The iguana bites you.
You puncture the iguana!
The iguana is heavily wounded.
The iguana barely misses you.
You hit the iguana.
The iguana is severely wounded.
The iguana bites you.
You closely miss the iguana.
The iguana is severely wounded.
The iguana bites you!
* * * LOW HITPOINT WARNING * * *
You hit the iguana.
The iguana is severely wounded.
The iguana bites you.
You die...

#
###########....
.......@.......
.$.....l.......
...............
..........#....
##........# ...
#........# ..
#......... .
#..........


You could see an iguana.

Vanquished Creatures
  A hound (D:2)
  Terence (D:2)
  7 adders
  An ooze (D:3)
  A dart slug (D:1)
  A leopard gecko (D:2)
  6 bats
  A goblin (D:1)
  7 hobgoblins
  8 kobolds
  3 quokkas
  A ball python (D:1)
  4 frilled lizards
  4 rats
46 creatures vanquished.

Notes
Turn   | Place    | Note
-------+----------+-------------------------------------------
     0 | D:1      | rabbitsville the Demonspawn Fighter began the quest for the
                  | Orb.
     0 | D:1      | Reached XP level 1. HP: 18/18 MP: 1/1
    79 | D:1      | Reached skill level 2 in Short Blades
   392 | D:1      | Gained mutation: You regenerate a little health from kills.
                  | [demonic ancestry]
   392 | D:1      | Reached XP level 2. HP: 22/24 MP: 2/2
   928 | D:2      | Reached skill level 3 in Short Blades
   939 | D:2      | Reached XP level 3. HP: 24/29 MP: 3/3
  1020 | D:2      | Noticed Terence
  1022 | D:2      | Gained mutation: You regenerate health from kills. [demonic
                  | ancestry]
  1022 | D:2      | Reached XP level 4. HP: 35/35 MP: 4/4
  1035 | D:2      | Killed Terence
  1036 | D:2      | Reached skill level 4 in Short Blades
  1244 | D:2      | Noticed Sigmund
  1851 | D:3      | Reached XP level 5. HP: 41/41 MP: 5/5
  1860 | D:3      | Found a hazy altar of Hepliaklqana.
  2011 | D:3      | Reached skill level 5 in Short Blades
  2014 | D:3      | Noticed an ogre
  2243 | D:4      | Slain by an iguana

Illustrated notes

Levels and vault maps discovered:
D:1:      amcnicky_arrival_abandoned_market, layout_basic
D:2:      layout_basic, minmay_3d_cube, uniq_terence, uniq_sigmund
D:3:      layout_rooms, lemuel_crystal_altar, kennysheep_generic_room_16
D:4:      layout_basic, kennysheep_little_box, led_sif_book

Skill      XL: |  1  2  3  4  5 |
---------------+----------------+-----
Short Blades   | 2 3 4 5 |  5.0
Fighting       | |  3.0
Armour         | |  2.6
Shields        | |  2.6

Action                   |  1- 3 |  4- 6 || total
-------------------------+-------+-------++-------
Melee: Rapier            |    74 |   112 ||   186
  Use: Potion            |     1 |     3 ||     4
Armor: Scale mail        |    41 |    59 ||   100
Dodge: Dodged            |    12 |    46 ||    58
Block: Kite shield       |    40 |    64 ||   104
